 Dungeon Crawl Stone Soup version 0.27.1-33-g824d729ab1 (webtiles) character file.

Game seed: 7143755658527387426

303 bellerephron the Chopper (level 6, -2/48 HPs)
             Began as a Demonspawn Fighter on Nov 27, 2021.
             Slain by an ufetubus (3 damage)
             ... summoned by Eustachio
             ... on level 4 of the Dungeon.
             The game lasted 00:05:34 (3588 turns).

bellerephron the Chopper (Demonspawn Fighter)       Turns: 3588, Time: 00:05:35

Health: -2/48      AC:  9    Str: 19    XL:     6   Next: 15%
Magic:  6/6        EV:  5    Int:  9    God:
Gold:   141        SH:  9    Dex: 12    Spells: 5/5 levels left

rFire    . . .     SeeInvis .   a - +0 war axe
rCold    . . .     Faith    .   c - +0 kite shield
rNeg     . . .     Spirit   .   f - +0 chain mail
rPois    .         Reflect  .   (no helmet)
rElec    .         Harm     .   (no cloak)
rCorr    .         Rampage  .   (no gloves)
Will     .....                  (no boots)
Stlth    ..........             (no amulet)
HPRegen  0.16/turn              m - ring of wizardry
MPRegen  0.10/turn              (no ring)

@: no status effects
A: foul stench 1, spiny 1
a: no special abilities


You were on level 4 of the Dungeon.
You visited 1 branch of the dungeon, and saw 4 of its levels.

You collected 141 gold pieces.

Inventory:

Hand Weapons
 a - a +0 war axe (weapon)
 r - a +1 dagger of venom
Missiles
 b - 64 stones
 q - 5 poisoned darts (quivered)
Armour
 c - a +0 kite shield (worn)
 f - a +0 chain mail (worn)
Jewellery
 m - a ring of wizardry (left hand)
Scrolls
 g - a scroll of immolation {unknown}
 i - a scroll of noise {unknown}
 j - a scroll of blinking {unknown}
 k - a scroll of magic mapping {unknown}
 l - a scroll of amnesia {unknown}
 n - a scroll of identify {unknown}
 p - a scroll of teleportation
Potions
 d - 3 potions of might
 e - a potion of heal wounds {unknown}
 h - a potion of lignification {unknown}
 o - a potion of haste {unknown}


   Skills:
 + Level 3.9 Fighting
 * Level 4.4 Axes
 + Level 3.3 Armour
 + Level 0.7 Dodging
 * Level 3.4 Shields


You had 5 spell levels left.
You didn't know any spells.
Your spell library contained the following spells:

 Spells                   Type           Power      Damage    Failure   Level
 Portal Projectile        Hex/Tloc       0%         N/A       100%        3
 Blade Hands              Tmut           0%         N/A       100%        5
 Excruciating Wounds      Necr           0%         N/A       100%        5
 Malign Gateway           Summ/Tloc      0%         N/A       100%        7
 Summon Horrible Things   Summ           0%         N/A       100%        8


Dungeon Overview and Level Annotations

Branches:
Dungeon (4/15)
 Temple: D:4-7

Altars:

Annotations:
D:3 1 runed translucent door, Crazy Yiuf
D:4 3 runed translucent doors, Baconl0rd's ghost, amateur MiFi; Eustachio


Innate Abilities, Weirdness & Mutations

You may rarely emit foul miasma when damaged in melee.
You are partially covered in sharp spines.


Message History

You kill the quokka!
The quokka's corpse disappears in a puff of smoke!
Eustachio is struck by your spines.
Eustachio hits you with a +1 rapier of speed.
The ufetubus is struck by your spines.
The ufetubus hits you but does no damage.
The ufetubus barely misses you.
Eustachio hits you with a +1 rapier of speed.
You block the ufetubus's attack.
The ufetubus hits you but does no damage.
You hit Eustachio.
Eustachio is severely wounded.
You hit the ufetubus but do no damage.
Your chain mail prevents you from hitting the quokka.
The quokka bites you but does no damage.
The ufetubus hits you but does no damage. x2
Eustachio screams, "Hey, you killed my favourite bat!"
Eustachio hits you with a +1 rapier of speed.
The quokka bites you but does no damage.
Eustachio screams, "Hey, you killed my favourite bat!"
Eustachio is struck by your spines.
Eustachio hits you with a +1 rapier of speed.
* * * LOW HITPOINT WARNING * * *
You block the ufetubus's attack.
The ufetubus hits you but does no damage.
Unknown command.
Unknown command.
You hit Eustachio.
Eustachio is almost dead.
You miss the ufetubus. You miss the quokka.
The ufetubus is struck by your spines. The ufetubus barely misses you.
The ufetubus hits you.
* * * LOW HITPOINT WARNING * * *
You block the quokka's attack. Eustachio is struck by your spines.
Eustachio hits you with a +1 rapier of speed.
* * * LOW HITPOINT WARNING * * *
Eustachio hits you with a +1 rapier of speed!
* * * LOW HITPOINT WARNING * * *
You block the ufetubus's attack. The ufetubus hits you.
You die...

. ............ ....
........... ...
......... ... ......
#.. #).# #+###.
#..######..#######..##.
#...)..................
#....÷5r...............
##+##.@##....###....##.
#..##.@##....###....##.
#.......#5...+.......#.
#.......'r...#.......#.
#..##)#########...####.
##+##†# ##...####.
#....[# #.......).
#....)# #.........
#....r'...r..#.........


You could see Eustachio, an ufetubus (summoned) and a quokka (summoned).

Vanquished Creatures
  Duvessa (D:4)
  Dowan (D:4)
  7 adders
  5 worms
  An orc (D:3)
  3 bats
  2 endoplasms
  2 giant cockroaches
  8 goblins
  6 hobgoblins
  7 jackals
  3 quokkas
  5 ball pythons
  5 frilled lizards
  7 kobolds
  2 rats
65 creatures vanquished.

Notes
Turn   | Place    | Note
-------+----------+-------------------------------------------
     0 | D:1      | bellerephron the Demonspawn Fighter began the quest for the
                  | Orb.
     0 | D:1      | Reached XP level 1. HP: 18/18 MP: 1/1
   429 | D:1      | Reached skill level 2 in Axes
   429 | D:1      | Gained mutation: You may rarely emit foul miasma when
                  | damaged in melee. [demonic ancestry]
   429 | D:1      | Reached XP level 2. HP: 18/24 MP: 2/2
   742 | D:1      | Found a faded altar of an unknown god.
  1199 | D:2      | Reached XP level 3. HP: 25/29 MP: 3/3
  1968 | D:2      | Reached skill level 3 in Axes
  1968 | D:2      | Reached XP level 4. HP: 35/35 MP: 4/4
  2861 | D:3      | Found a runed translucent door.
  2862 | D:3      | Noticed Crazy Yiuf
  3263 | D:4      | Found a runed translucent gate.
  3263 | D:4      | Found a runed translucent gate.
  3263 | D:4      | Found a runed translucent gate.
  3265 | D:4      | Noticed Baconl0rd's ghost (amateur MiFi)
  3295 | D:4      | Noticed Duvessa
  3314 | D:4      | Killed Duvessa
  3315 | D:4      | Reached skill level 4 in Axes
  3315 | D:4      | Gained mutation: You are partially covered in sharp spines.
                  | [demonic ancestry]
  3315 | D:4      | Reached XP level 5. HP: 28/42 MP: 5/5
  3319 | D:4      | Noticed Dowan
  3331 | D:4      | Killed Dowan
  3332 | D:4      | Reached XP level 6. HP: 14/48 MP: 6/6
  3553 | D:4      | Noticed Eustachio
  3588 | D:4      | HP: 1/48 [Eustachio (8)]
  3588 | D:4      | Slain by an ufetubus

Illustrated notes

Levels and vault maps discovered:
D:1:      dpeg_arrival_boxes_within_box, layout_loops_ring,
          shapermc_ecumenical_altar_mp_vishouse
D:2:      layout_loops_corners, minmay_quantized
D:3:      kennysheep_big_flooded_room, layout_rooms, nrook_mini_vaults,
          uniq_crazy_yiuf_cottage
D:4:      layout_gridville, gammafunk_ghost_necromancy, uniq_blork_the_orc,
          uniq_duvessa, uniq_eustachio

Skill      XL: |  1  2  3  4 |
---------------+-------------+-----
Axes           | 2 3 4 |  4.4
Shields        | 3 |  3.4
Armour         | 3 |  3.3
Fighting       | |  3.9
Dodging        | |  0.7

Action                   |  1- 3 |  4- 6 || total
-------------------------+-------+-------++-------
Melee: War axe           |    98 |   112 ||   210
Throw: Stone             |       |     6 ||     6
       Dart              |       |     2 ||     2
  Use: Potion            |       |     2 ||     2
       Scroll            |       |     1 ||     1
Armor: Chain mail        |    36 |    73 ||   109
       Scale mail        |     7 |       ||     7
Dodge: Dodged            |    24 |    29 ||    53
Block: Kite shield       |    42 |    75 ||   117
